| TOP OF THE 1ST |
|
Wisconsin Timber Rattlers batting - Pitching for Peoria Chiefs : RHP Tristan Johnson
|
|
Pitching: RHP Tristan Johnson
|
|
|
Batting: RHB Carlos Salazar
|
0-0: Called Strike 0-1: Ball 1-1: Foul Ball, location: 2F 1-2: Ball 2-2: SINGLE (Groundball, 6MD, EV 100.0 MPH)
|
|
Batting: LHB Joe Vida
|
0-0: Ball 1-0: Called Strike 1-1: Ball 2-1: Called Strike 2-2: Ball 3-2: SINGLE (Groundball, 56D, EV 103.1 MPH) Carlos Salazar to second Carlos Salazar to third
|
|
Batting: RHB Matthew Adams
|
0-0: Ball 1-0: SINGLE (Groundball, 25, EV 71.3 MPH) (infield hit) Joe Vida to second
|
|
Batting: LHB Alan Bianchard
|
0-0: Ball 1-0: Called Strike 1-1: Ball 2-1: Fly out, F5 (Flyball, 5D, EV 76.3 MPH)
|
|
Batting: RHB Gene Sutton
|
0-0: Swinging Strike 0-1: Fly out, F8 (Line Drive, 8RM, EV 93.8 MPH) Runner from 3rd tags up, SCORES, throw by CF
|
|
Batting: LHB Aaron Mobley
|
0-0: Foul Ball, location: 2F 0-1: Fly out, F9 (Flyball, 9LD, EV 92.5 MPH)
|
| Top of the 1st over - 1 run, 3 hits, 0 errors, 2 left on base; Wisconsin 1 - Peoria 0 |
| BOTTOM OF THE 1ST |
|
Peoria Chiefs batting - Pitching for Wisconsin Timber Rattlers : RHP Elijah Seabrooks
|
|
Pitching: RHP Elijah Seabrooks
|
|
|
Batting: LHB Jay Fenderson
|
0-0: Ground out 6-3 (Groundball, 6, EV 102.5 MPH)
|
|
Batting: RHB Terry Baginski
|
0-0: Foul Ball, location: 2F 0-1: Swinging Strike 0-2: Ball 1-2: Strikes out swinging
|
|
Batting: RHB Mark Cahill
|
0-0: Ball 1-0: Swinging Strike 1-1: Ball 2-1: Ball 3-1: Foul Ball, location: 2F 3-2: DOUBLE (Groundball, 5L, EV 105.6 MPH)
|
|
Batting: LHB Ken Compton
|
0-0: Ball 1-0: Foul Ball, location: 2F 1-1: Fly out, F3 (Line Drive, 3, EV 76.3 MPH)
|
| Bottom of the 1st over - 0 runs, 1 hit, 0 errors, 1 left on base; Wisconsin 1 - Peoria 0 |
| TOP OF THE 2ND |
|
Wisconsin Timber Rattlers batting - Pitching for Peoria Chiefs : RHP Tristan Johnson
|
|
Batting: RHB Aaron Lind
|
0-0: Ball 1-0: Ball 2-0: Ground out U3 (Groundball, 3S, EV 76.9 MPH)
|
|
Batting: RHB Tyler Badillo
|
0-0: Ball 1-0: Ball 2-0: Called Strike 2-1: Ball 3-1: Base on Balls
|
|
Batting: RHB Bryant Thies
|
0-0: Foul Ball, location: 2F 0-1: Ball 1-1: Foul Ball, location: 2F 1-2: Fielders Choice at 2nd, 1-6 (Groundball, 13S, EV 71.3 MPH)
|
|
Batting: RHB Carlos Salazar
|
0-0: Ball 1-0: Ball Bryant Thies steals 2nd base 2-0: Ground out 6-3 (Groundball, 56, EV 91.3 MPH)
|
| Top of the 2nd over - 0 runs, 0 hits, 0 errors, 1 left on base; Wisconsin 1 - Peoria 0 |
| BOTTOM OF THE 2ND |
|
Peoria Chiefs batting - Pitching for Wisconsin Timber Rattlers : RHP Elijah Seabrooks
|
|
Batting: SHB Josh Conner
|
0-0: Ground out 4-3 (Groundball, 34D, EV 91.3 MPH)
|
|
Batting: RHB Josh Martin
|
0-0: Foul Ball, location: 2F 0-1: Ball 1-1: Ball 2-1: Ground out U3 (Groundball, 23, EV 87.5 MPH)
|
|
Batting: LHB Billy Guzman
|
0-0: Ball 1-0: Called Strike 1-1: Swinging Strike 1-2: Foul Ball, location: 2F 1-2: SOLO HOME RUN (Flyball, 78XD, EV 96.9 MPH), Distance : 403 ft
|
|
Batting: RHB Justin Reich
|
0-0: Foul Ball, location: 2F 0-1: Ball 1-1: Foul Ball, location: 2F 1-2: Fly out, F8 (Flyball, 8RS, EV 84.4 MPH)
|
| Bottom of the 2nd over - 1 run, 1 hit, 0 errors, 0 left on base; Wisconsin 1 - Peoria 1 |
| TOP OF THE 3RD |
|
Wisconsin Timber Rattlers batting - Pitching for Peoria Chiefs : RHP Tristan Johnson
|
|
Batting: LHB Joe Vida
|
0-0: Called Strike 0-1: Foul Ball, location: 2F 0-2: Ball 1-2: Ball 2-2: Strikes out swinging
|
|
Batting: RHB Matthew Adams
|
0-0: Ball 1-0: Foul Ball, location: 2F 1-1: Ball 2-1: SINGLE (Groundball, 6D, EV 109.4 MPH)
|
|
Batting: LHB Alan Bianchard
|
0-0: Ball 1-0: Ball 2-0: Ball 3-0: Base on Balls Matthew Adams to second
|
|
Batting: RHB Gene Sutton
|
0-0: Fielders Choice at 2nd, 6-4 (Groundball, 6, EV 83.8 MPH) Matthew Adams to third
|
|
Batting: LHB Aaron Mobley
|
0-0: Foul Ball, location: 2F 0-1: Called Strike 0-2: Strikes out swinging
|
| Top of the 3rd over - 0 runs, 1 hit, 0 errors, 2 left on base; Wisconsin 1 - Peoria 1 |
| BOTTOM OF THE 3RD |
|
Peoria Chiefs batting - Pitching for Wisconsin Timber Rattlers : RHP Elijah Seabrooks
|
|
Batting: RHB Chris Simmons
|
0-0: Ball 1-0: DOUBLE (Flyball, 78D, EV 110.6 MPH)
|
|
Batting: LHB Jay Fenderson
|
0-0: Ground out U3 (Groundball, 3, EV 90.6 MPH) Chris Simmons to third
|
|
Batting: RHB Terry Baginski
|
0-0: Ground out U3 (Groundball, 3S, EV 80.6 MPH)
|
|
Batting: RHB Mark Cahill
|
0-0: Foul Ball, location: 2F 0-1: Ball 1-1: Ground out 5-3 (Groundball, 56, EV 99.4 MPH)
|
| Bottom of the 3rd over - 0 runs, 1 hit, 0 errors, 1 left on base; Wisconsin 1 - Peoria 1 |
| TOP OF THE 4TH |
|
Wisconsin Timber Rattlers batting - Pitching for Peoria Chiefs : RHP Tristan Johnson
|
|
Batting: RHB Aaron Lind
|
0-0: Ball 1-0: Fly out, F5 (Line Drive, 5, EV 66.3 MPH)
|
|
Batting: RHB Tyler Badillo
|
0-0: Ball 1-0: Ball 2-0: Ball 3-0: Called Strike 3-1: Called Strike 3-2: Base on Balls
|
|
Batting: RHB Bryant Thies
|
0-0: Ball 1-0: Ball 2-0: Ball 3-0: Called Strike 3-1: Foul Ball, location: 2F 3-2: Foul Ball, location: 2F 3-2: Strikes out swinging
|
|
Batting: RHB Carlos Salazar
|
0-0: Foul Ball, location: 2F 0-1: Ball 1-1: Swinging Strike 1-2: Hit by Pitch Tyler Badillo to second
|
|
Batting: LHB Joe Vida
|
0-0: Ball 1-0: Called Strike 1-1: Ball 2-1: Swinging Strike 2-2: Strikes out swinging
|
| Top of the 4th over - 0 runs, 0 hits, 0 errors, 2 left on base; Wisconsin 1 - Peoria 1 |
| BOTTOM OF THE 4TH |
|
Peoria Chiefs batting - Pitching for Wisconsin Timber Rattlers : RHP Elijah Seabrooks
|
|
Batting: LHB Ken Compton
|
0-0: Called Strike 0-1: Foul Ball, location: 2F 0-2: Ball 1-2: Foul Ball, location: 2F 1-2: Ball 2-2: DOUBLE (Line Drive, 78D, EV 111.9 MPH)
|
|
Batting: SHB Josh Conner
|
0-0: Ball 1-0: Ball 2-0: Foul Ball, location: 2F 2-1: Ball 3-1: Base on Balls
|
|
Batting: RHB Josh Martin
|
0-0: Fielders Choice at 2nd, 1-6 (Groundball, 13S, EV 69.4 MPH) Ken Compton to third
|
|
Batting: LHB Billy Guzman
|
0-0: Ball 1-0: Called Strike Josh Martin steals 2nd base 1-1: Ball 2-1: Foul Ball, location: 2F 2-2: Foul Ball, location: 2F 2-2: Strikes out swinging
|
|
Batting: RHB Justin Reich
|
0-0: Called Strike 0-1: Called Strike 0-2: Hit by Pitch
|
|
Batting: RHB Chris Simmons
|
0-0: Swinging Strike 0-1: Ball Wild Pitch! Ken Compton scores Josh Martin to third Justin Reich to second 1-1: Swinging Strike 1-2: Strikes out swinging
|
| Bottom of the 4th over - 1 run, 1 hit, 0 errors, 2 left on base; Wisconsin 1 - Peoria 2 |
| TOP OF THE 5TH |
|
Wisconsin Timber Rattlers batting - Pitching for Peoria Chiefs : RHP Tristan Johnson
|
|
Now at 3B: Bobby O'Leary
|
|
|
Batting: RHB Matthew Adams
|
0-0: Ball 1-0: Ball 2-0: Foul Ball, location: 2F 2-1: Fly out, F7 (Flyball, 78S, EV 84.4 MPH)
|
|
Batting: LHB Alan Bianchard
|
0-0: Fly out, F7 (Flyball, 7, EV 87.5 MPH)
|
|
Batting: RHB Gene Sutton
|
0-0: SINGLE (Groundball, 6MD, EV 99.4 MPH)
|
|
Batting: LHB Aaron Mobley
|
0-0: Ball 1-0: Called Strike 1-1: Called Strike 1-2: Ball 2-2: Strikes out swinging
|
| Top of the 5th over - 0 runs, 1 hit, 0 errors, 1 left on base; Wisconsin 1 - Peoria 2 |
| BOTTOM OF THE 5TH |
|
Peoria Chiefs batting - Pitching for Wisconsin Timber Rattlers : RHP Elijah Seabrooks
|
|
Batting: LHB Jay Fenderson
|
0-0: Called Strike 0-1: Ball 1-1: Foul Ball, location: 2F 1-2: Strikes out swinging
|
|
Batting: RHB Terry Baginski
|
0-0: SOLO HOME RUN (Flyball, 7D, EV 99.4 MPH), Distance : 361 ft
|
|
Batting: RHB Mark Cahill
|
0-0: Ball 1-0: Called Strike 1-1: Foul Ball, location: 2F 1-2: Strikes out swinging
|
|
Batting: LHB Ken Compton
|
0-0: Ball 1-0: Foul Ball, location: 2F 1-1: Ball 2-1: Ground out 5-3 (Groundball, 5L, EV 82.5 MPH)
|
| Bottom of the 5th over - 1 run, 1 hit, 0 errors, 0 left on base; Wisconsin 1 - Peoria 3 |
| TOP OF THE 6TH |
|
Wisconsin Timber Rattlers batting - Pitching for Peoria Chiefs : RHP Tristan Johnson
|
|
Batting: RHB Aaron Lind
|
0-0: Called Strike 0-1: Ball 1-1: Ball 2-1: Fly out, F8 (Line Drive, 8RM, EV 91.3 MPH)
|
|
Batting: RHB Tyler Badillo
|
0-0: Ball 1-0: Called Strike 1-1: Swinging Strike 1-2: Foul Ball, location: 2F 1-2: Ball 2-2: Strikes out looking
|
|
Pitching: RHP Justin Adamson
|
|
|
Batting: RHB Bryant Thies
|
0-0: Ball 1-0: Called Strike 1-1: Called Strike 1-2: Foul Ball, location: 2F 1-2: Ball 2-2: Ball 3-2: Ground out 4-3 (Groundball, 4, EV 86.3 MPH)
|
| Top of the 6th over - 0 runs, 0 hits, 0 errors, 0 left on base; Wisconsin 1 - Peoria 3 |
| BOTTOM OF THE 6TH |
|
Peoria Chiefs batting - Pitching for Wisconsin Timber Rattlers : RHP Elijah Seabrooks
|
|
Batting: SHB Bobby O'Leary
|
0-0: Ball 1-0: Called Strike 1-1: Ball 2-1: Called Strike 2-2: Foul Ball, location: 2F 2-2: Ball 3-2: Strikes out swinging
|
|
Pitching: RHP Brian Harper
|
|
|
Batting: RHB Josh Martin
|
0-0: Ball 1-0: Ball 2-0: Swinging Strike 2-1: Called Strike 2-2: Ground out 6-3 (Groundball, 6, EV 84.4 MPH)
|
|
Batting: LHB Billy Guzman
|
0-0: Called Strike 0-1: Ball 1-1: Ball 2-1: Ball 3-1: Called Strike 3-2: Foul Ball, location: 2F 3-2: Ground out 5-3 (Groundball, 5S, EV 86.3 MPH)
|
| Bottom of the 6th over - 0 runs, 0 hits, 0 errors, 0 left on base; Wisconsin 1 - Peoria 3 |
| TOP OF THE 7TH |
|
Wisconsin Timber Rattlers batting - Pitching for Peoria Chiefs : RHP Justin Adamson
|
|
Batting: RHB Carlos Salazar
|
0-0: Called Strike 0-1: Ball 1-1: SOLO HOME RUN (Flyball, 7LD, EV 92.5 MPH), Distance : 338 ft
|
|
Batting: LHB Joe Vida
|
0-0: Called Strike 0-1: Ball 1-1: Called Strike 1-2: Foul Ball, location: 2F 1-2: Foul Ball, location: 2F 1-2: Ball 2-2: Ground out 6-3 (Groundball, 6, EV 80.0 MPH)
|
|
Batting: RHB Matthew Adams
|
0-0: Ball 1-0: Ball 2-0: Ball 3-0: Called Strike 3-1: Foul Ball, location: 2F 3-2: Foul Ball, location: 2F 3-2: Fly out, F6 (Line Drive, 6, EV 70.0 MPH)
|
|
Pitching: LHP Luis Herrera
|
|
|
Batting: LHB Alan Bianchard
|
0-0: Called Strike 0-1: Ball 1-1: Foul Ball, location: 2F 1-2: Strikes out swinging
|
| Top of the 7th over - 1 run, 1 hit, 0 errors, 0 left on base; Wisconsin 2 - Peoria 3 |
| BOTTOM OF THE 7TH |
|
Peoria Chiefs batting - Pitching for Wisconsin Timber Rattlers : RHP Brian Harper
|
|
Batting: RHB Justin Reich
|
0-0: DOUBLE (Line Drive, 3D, EV 106.9 MPH)
|
|
Batting: RHB Chris Simmons
|
0-0: DOUBLE (Line Drive, 7LM, EV 108.1 MPH) Justin Reich scores
|
|
Batting: LHB Jay Fenderson
|
0-0: Swinging Strike 0-1: Ball 1-1: Ground out 4-3 (Groundball, 4M, EV 104.4 MPH) Chris Simmons to third
|
|
Batting: RHB Terry Baginski
|
0-0: Called Strike 0-1: Ball 1-1: Ball 2-1: Foul Ball, location: 2F 2-2: Foul Ball, location: 2F 2-2: Ball 3-2: Fly out, F8 (Flyball, 8RD, EV 91.9 MPH) Runner from 3rd tags up, SCORES, throw by CF
|
|
Batting: RHB Mark Cahill
|
0-0: Ball 1-0: Foul Ball, location: 2F 1-1: Foul Ball, location: 2F 1-2: Ball 2-2: Ball 3-2: SINGLE (Groundball, 6, EV 106.9 MPH)
|
|
Batting: LHB Ken Compton
|
0-0: Called Strike 0-1: Ball 1-1: Ball 2-1: SINGLE (Flyball, 6MD, EV 82.5 MPH) Mark Cahill to second Mark Cahill to third
|
|
Batting: SHB Bobby O'Leary
|
0-0: Called Strike 0-1: Called Strike 0-2: Strikes out swinging
|
| Bottom of the 7th over - 2 runs, 4 hits, 0 errors, 2 left on base; Wisconsin 2 - Peoria 5 |
| TOP OF THE 8TH |
|
Wisconsin Timber Rattlers batting - Pitching for Peoria Chiefs : LHP Luis Herrera
|
|
Batting: RHB Gene Sutton
|
0-0: Ground out 1-3 (Groundball, 13S, EV 72.5 MPH)
|
|
Batting: LHB Aaron Mobley
|
0-0: Called Strike 0-1: Swinging Strike 0-2: Ball 1-2: Ball 2-2: Strikes out swinging
|
|
Batting: RHB Aaron Lind
|
0-0: Swinging Strike 0-1: Called Strike 0-2: Strikes out swinging
|
| Top of the 8th over - 0 runs, 0 hits, 0 errors, 0 left on base; Wisconsin 2 - Peoria 5 |
| BOTTOM OF THE 8TH |
|
Peoria Chiefs batting - Pitching for Wisconsin Timber Rattlers : RHP Brian Harper
|
|
Pitching: RHP Jason Ukena
|
|
|
Batting: RHB Josh Martin
|
0-0: Ball 1-0: Called Strike 1-1: Swinging Strike 1-2: Ball 2-2: Ball 3-2: Strikes out looking
|
|
Batting: LHB Billy Guzman
|
0-0: Foul Ball, location: 2F 0-1: Fly out, F7 (Flyball, 7S, EV 83.1 MPH)
|
|
Batting: RHB Justin Reich
|
0-0: Fly out, F3 (Popup, 3S, EV 78.1 MPH)
|
| Bottom of the 8th over - 0 runs, 0 hits, 0 errors, 0 left on base; Wisconsin 2 - Peoria 5 |
| TOP OF THE 9TH |
|
Wisconsin Timber Rattlers batting - Pitching for Peoria Chiefs : LHP Luis Herrera
|
|
Pitching: RHP Rodriguo Persoa
|
|
|
Batting: RHB Tyler Badillo
|
0-0: Foul Ball, location: 2F 0-1: Swinging Strike 0-2: Ball 1-2: Strikes out swinging
|
|
Pinch Hitting: LHB Andy Sanchez
|
0-0: Called Strike 0-1: Called Strike 0-2: SINGLE (Groundball, 34S, EV 66.9 MPH) (infield hit)
|
|
Batting: RHB Carlos Salazar
|
0-0: Called Strike 0-1: Foul Ball, location: 2F 0-2: Ball 1-2: Ball 2-2: Strikes out swinging
|
|
Batting: LHB Joe Vida
|
0-0: Ball 1-0: Called Strike 1-1: Foul Ball, location: 2F 1-2: Ball 2-2: Ball 3-2: Strikes out swinging
|
| Top of the 9th over - 0 runs, 1 hit, 0 errors, 1 left on base; Wisconsin 2 - Peoria 5 |
|